cohdb
Replays
Latest Replays
All Replays
Popular Replays
Top Player Replays
Match Explorer
How It Works
Community
CoH3 Stats
Reddit
Sign in to upload your games and track your stats! →
Sign in with Steam
Match 26590289
Unlisted
Match 26590289
Overview
Messages
Build Orders
End
Selects Italian Combined Arms Battlegroup
Selects Bersaglieri Squad
Bersaglieri Squad
Panzerpioneer Squad
Bersaglieri Squad
Construct Light Support Kompanie
MG34 Team
Fire Support Elements
Assault Grenadier Squad
le.IG 18 Mechanized Group
Selects Semovente da 75/18 Assault Gun
Pak 38 Anti-tank Gun Team
Selects Carro Armato M13/40 Light Tank
LQ94
Goliath
SneaKerz
gb_gbg
0
0
Comments
sign in to comment!
No comments posted yet!